cohdb
Replays
Latest Replays
All Replays
Popular Replays
Top Player Replays
Match Explorer
How It Works
Community
CoH3 Stats
Reddit
Sign in to upload your games and track your stats! →
Sign in with Steam
Match 47264310
Unlisted
Match 47264310
Overview
Messages
Build Orders
End
Selects Italian Infantry
Kradschützen Motorcycle Team
Panzerpioneer Squad
Panzergrenadier Squad
Construct Light Support Kompanie
Panzerjäger Squad
Selects Defensive Operations
MG34 Team
Fire Support Elements
Flakvierling Half-track
Selects Guastatori Squad
Flakvierling Half-track
Pak 38 Anti-tank Gun Team
Selects Registered Artillery
le.IG 18 Mechanized Group
Guastatori Squad
Construct Panzerarmee Kommand
Selects Towed Cannone da 105/28 Field Howitzer
Flak 36 Anti-tank Gun Team
Selects Prepared Positions
Flak 36 Anti-tank Gun Team
Registered Artillery
Registered Artillery
Flak 36 Anti-tank Gun Team
Selects Obice 305mm Barrage
Obice 305mm Barrage
DrayNorton
Germal
WARlordS
Frenzy
Henk
water
Boat Goes Binted
It's Takotime
0
0
Comments
sign in to comment!
No comments posted yet!